 Dungeon Crawl Stone Soup version 0.23.2-33-g5129a83184 (webtiles) character file.

Game seed: 1129871817338084010

163 EntropyAnarchist the Cudgeler (level 5, -14/46 HPs)
             Began as a Hill Orc Monk on Aug 12, 2019.
             Was a Believer of Beogh.
             Demolished by an ogre
             ... wielding a +0 giant club
              (18 damage)
             ... on level 4 of the Dungeon.
             The game lasted 00:12:29 (2905 turns).

EntropyAnarchist the Cudgeler (Hill Orc Monk)       Turns: 2905, Time: 00:12:30

Health: -14/46     AC: 11    Str: 15    XL:     5   Next: 44%
Magic:  3/5        EV:  4    Int: 10    God:    Beogh [**....]
Gold:   156        SH:  0    Dex: 13    Spells: 4/4 levels left

rFire    . . .     SeeInvis .   a - +0 mace
rCold    . . .     Gourm    .   (no shield)
rNeg     . . .     Faith    .   v - +0 plate armour
rPois    +         Spirit   .   (no helmet)
rElec    .         Reflect  .   (no cloak)
rCorr    .         Harm     .   m - +0 pair of gloves
MR       .....                  (no boots)
Stlth    ..........             (no amulet)
HPRegen  0.15/turn              p - ring of poison resistance
MPRegen  0.09/turn              t - -2 ring of slaying (curse)

@: no status effects
A: no striking features
a: Smiting, Renounce Religion


You were on level 4 of the Dungeon.
You worshipped Beogh.
Beogh was pleased with you.
You were not hungry.

You visited 1 branch of the dungeon, and saw 4 of its levels.

You collected 156 gold pieces.

Inventory:

Hand Weapons
 a - a +0 mace (weapon)
Missiles
 j - 85 stones (quivered)
Armour
 b - a +0 robe
 d - a +0 chain mail
 g - a +0 chain mail of poison resistance
 m - a +0 pair of gloves (worn)
 v - a +0 plate armour (worn)
Jewellery
 p - a ring of poison resistance (left hand)
 r - a +3 ring of intelligence
 t - a cursed -2 ring of slaying (right hand)
Potions
 e - 3 potions of invisibility
 h - 2 potions of flight
 k - a potion of heal wounds
 l - 2 potions of brilliance
 n - a potion of degeneration
 q - a potion of lignification
 s - 2 potions of curing
 u - a potion of agility {unknown}
 w - a potion of mutation {unknown}
Comestibles
 c - 9 rations
 i - 4 chunks of flesh


   Skills:
 + Level 3.9 Fighting
 * Level 6.4 Maces & Flails
 - Level 2.4 Dodging
 - Level 1.5 Stealth


You had 4 spell levels left.
You didn't know any spells.
Your spell library was empty.

Dungeon Overview and Level Annotations

Branches:
Dungeon (4/15)
 Temple: D:4-7

Altars:
Cheibriados

Annotations:
D:4 1 runed translucent door, Crazy Yiuf


Message History

You barely miss the ogre.
The ogre is moderately wounded.
The ogre hits you but does no damage.
You hit the ogre.
The ogre is heavily wounded.
The ogre hits you with a +0 giant club!
You sock the ogre!
The ogre is severely wounded.
The ogre hits you with a +0 giant club!!
Okay, then.
You feel much better.
The ogre hits you with a +0 giant club!!
You hit the ogre.
The ogre is severely wounded.
You hit the ogre but do no damage.
The ogre is severely wounded.
The ogre hits you with a +0 giant club!!
* * * LOW HITPOINT WARNING * * *
The ogre hits you with a +0 giant club!!
You die...

#.######.## ##########
#.######.#
##.#...'..####.##.....#
..#.)..........##.#####
####).....####.##.....#
# ##..'.## #.#..###.#
###### #.#..# *.#
#######.#.O###.#
#........@...#.#
##############.####.#%#
.......># #.#..,.#.#
#####.#.# #.#.####.## *
#.#.# #.#.#.....# *
#.#.# #.........# *
#.#.# ###.#....#* *
#.#.# #.#**..#* * #.#.#
#.# *,,.*


You could see an ogre.

Vanquished Creatures
  4 adders (D:3)
  4 gnolls (D:3)
  4 worms
  4 leopard geckos
  2 orcs (D:3)
  11 bats
  2 giant cockroaches (D:1)
  6 goblins
  8 hobgoblins
  6 jackals
  2 quokkas (D:2)
  A ball python (D:3)
  4 frilled lizards
  6 kobolds
  6 rats
70 creatures vanquished.

Vanquished Creatures (others)
  An orc (D:3)
  2 quokkas (D:3)
3 creatures vanquished.

Grand Total: 73 creatures vanquished

Notes
Turn   | Place    | Note
-------+----------+-------------------------------------------
     0 | D:1      | EntropyAnarchist the Hill Orc Monk began the quest for the
                  | Orb.
     0 | D:1      | Reached XP level 1. HP: 19/19 MP: 1/1
   321 | D:1      | Reached XP level 2. HP: 26/26 MP: 2/2
   350 | D:1      | Reached skill level 4 in Maces & Flails
   901 | D:2      | Reached XP level 3. HP: 31/31 MP: 3/3
  1340 | D:2      | Reached skill level 5 in Maces & Flails
  1650 | D:3      | Became a worshipper of Beogh the Brigand
  1650 | D:3      | Reached * piety under Beogh
  1650 | D:3      | Reached ** piety under Beogh
  1723 | D:3      | Reached XP level 4. HP: 12/39 MP: 4/4
  2327 | D:3      | Reached skill level 6 in Maces & Flails
  2335 | D:3      | Reached XP level 5. HP: 29/45 MP: 5/5
  2655 | D:3      | Found a snail-covered altar of Cheibriados.
  2855 | D:4      | Found a runed translucent door.
  2856 | D:4      | Noticed Crazy Yiuf
  2891 | D:4      | Noticed an ogre
  2905 | D:4      | Demolished by an ogre

Skill      XL: |  1  2  3  4 |
---------------+-------------+-----
Maces & Flails | 4 5 6 |  6.4
Fighting       | |  3.9
Dodging        | |  2.4
Stealth        | |  1.5

Action                   |  1- 3 |  4- 6 || total
-------------------------+-------+-------++-------
Melee: Mace              |   167 |   171 ||   338
Invok: Convert to Beogh  |     1 |       ||     1
       Smiting           |       |     1 ||     1
  Use: Scroll            |     5 |     5 ||    10
       Potion            |       |     2 ||     2
  Eat: Chunk             |     3 |     4 ||     7
Armor: Chain mail        |    87 |       ||    87
       Plate armour      |    22 |   116 ||   138
Dodge: Dodged            |    57 |    35 ||    92
